Devils vs Flyers
(R1)
Created - 1 février 2014 at 19:17
Goals
|
| Devils |
1 |
3 |
0 |
4 |
| Flyers |
0 |
1 |
0 |
1 |
|
Shots
|
| Devils |
8 |
18 |
5 |
31 |
| Flyers |
14 |
14 |
7 |
35 |
|
1st period
1. Devils , Saku Koivu 14 (Jonas Hoglund) at 0:04
Penalties :
Lee Stempniak (NJD) for Cross-checking (Minor) at 6:03
2nd period
2. Devils , Guillaume Latendresse 15 (Mike Komisarek) at 1:30
3. Flyers , David Vyborny 11 (Scott Hannan, Steve Regier) at 4:43
4. Devils , Jonas Hoglund 14 (Ramzi Abid) at 8:43
5. Devils , Jonas Hoglund 15 (Guillaume Latendresse, Lee Stempniak) at 18:46
Penalties :
Guillaume Latendresse (NJD) for Roughing (Minor) at 2:12, Marek Zidlicky (NJD) for Hooking (Minor) at 13:03, Justin Williams (Phi) for Tripping (Minor) at 15:53, Guillaume Latendresse (NJD) for Tripping (Minor) at 19:05
3rd period
No Goal
Penalties :
Stephen Weiss (NJD) for High sticking (Minor) at 7:48, Marek Zidlicky (NJD) for Hooking (Minor) at 10:55, Lee Stempniak (NJD) for Hooking (Minor) at 16:46
Goalie Stats
Dan Ellis (NJD), 34 saves from 35 shots - (0,971), W, 6-7-2, 60:00 minutes
Chris Mason (Phi), 27 saves from 31 shots - (0,871), L, 10-19-7, 60:00 minutes
Players Stats for Devils
Player Name G A P +/- PIM S H SB GA TA FO MP PP MP PK MP
------------------------------------------------------------------------------------
Andrei Kostitsyn 0 0 0 -1 0 3 2 0 1 0 1/1 15:34 0:57 1:05
Ben Lovejoy 0 0 0 3 0 1 3 3 2 1 0/0 22:58 1:01 4:57
Brian Rafalski 0 0 0 0 0 1 3 2 1 1 0/0 17:31 1:01 3:54
Doug Weight 0 0 0 0 0 1 0 1 0 0 9/19 19:06 0:00 8:06
Guillaume Latendresse 1 1 2 4 4 7 0 0 1 0 0/1 17:16 0:55 0:00
Jason Williams 0 0 0 0 0 0 0 0 0 0 0/0 7:54 0:00 1:53
Jeff Schultz 0 0 0 0 0 0 0 0 0 1 0/0 20:16 0:00 4:56
Johnny Oduya 0 0 0 0 0 1 0 2 0 0 0/0 21:05 0:58 8:56
Jonas Hoglund 2 1 3 4 0 3 0 1 1 1 0/0 16:04 0:03 0:00
Lee Stempniak 0 1 1 2 4 1 0 0 0 2 8/17 19:32 0:32 2:59
Marek Zidlicky 0 0 0 0 4 0 0 1 0 2 0/0 21:27 0:58 5:03
Mike Komisarek 0 1 1 3 0 3 0 3 1 0 0/0 16:47 0:00 0:00
Phil Kessel 0 0 0 0 0 2 0 1 1 0 0/0 10:50 0:58 0:00
Ramzi Abid 0 1 1 1 0 0 1 2 1 0 2/4 19:33 0:38 8:11
Saku Koivu 1 0 1 1 0 1 0 1 0 0 1/2 4:08 0:00 0:39
Stephen Weiss 0 0 0 -1 2 2 1 0 0 0 7/11 13:00 0:55 0:16
Teemu Selanne 0 0 0 -1 0 4 3 1 0 0 1/1 17:16 0:55 4:37
Tomas Holmstrom 0 0 0 0 0 1 1 0 0 0 0/0 5:43 0:04 0:00
Players Stats for Flyers
Player Name G A P +/- PIM S H SB GA TA FO MP PP MP PK MP
------------------------------------------------------------------------------------
Alex Tanguay 0 0 0 -3 0 3 2 2 1 0 0/1 23:20 8:15 0:57
Blair Betts 0 0 0 1 0 0 3 0 1 1 3/4 8:47 0:16 0:29
Chris Pronger 0 0 0 -2 0 4 4 1 1 0 0/0 28:47 8:41 1:05
Cory Sarich 0 0 0 -1 0 1 0 1 0 2 0/0 14:22 0:00 0:54
David Vyborny 1 0 1 1 0 2 0 0 0 0 0/0 8:48 0:00 0:00
Jeff O'Neill 0 0 0 -1 0 2 1 0 0 0 4/8 17:14 5:38 0:24
Jonathan Ericsson 0 0 0 -2 0 2 5 3 0 2 0/0 27:12 8:41 1:05
Justin Williams 0 0 0 0 2 1 0 0 0 0 0/0 7:45 0:00 0:00
Mark Giordano 0 0 0 0 0 0 0 1 0 2 0/0 10:28 0:00 0:00
Martin St. Louis 0 0 0 -3 0 3 2 0 2 1 1/3 22:56 8:15 0:00
Michael Ryder 0 0 0 -1 0 5 1 0 1 0 0/1 16:23 5:38 0:24
Mike Lundin 0 0 0 -1 0 1 1 0 0 0 0/0 20:44 5:12 0:54
Olli Jokinen 0 0 0 0 0 0 1 0 0 0 2/3 11:59 0:00 0:00
Ryane Clowe 0 0 0 -1 0 1 1 2 0 1 0/0 16:31 5:38 0:38
Scott Hannan 0 1 1 0 0 1 1 0 1 0 0/0 18:27 5:12 0:00
Scottie Upshall 0 0 0 0 0 0 3 0 1 0 0/0 11:59 0:00 0:00
Steve Regier 0 1 1 1 0 2 0 0 0 0 0/0 7:46 0:00 0:00
Sydney Crosby 0 0 0 -3 0 7 3 0 0 0 17/36 24:32 7:59 1:06
3 Stars
1 - Jonas Hoglund (NJD)
2 - Dan Ellis (NJD)
3 - Guillaume Latendresse (NJD)
Power Play
Devils - 0 on 1 Attempt(s) - 0,00%
Flyers - 0 on 7 Attempt(s) - 0,00%
Penalty Kill
Devils - 7 on 7 Attempt(s) - 100,00%
- Score 0 goal in Penalty Kill
Flyers - 1 on 1 Attempt(s) - 100,00%
- Score 0 goal in Penalty Kill
Official
Referees : L'Ecuyer Frederick and Pochmara Brian
Linesman : Steve Miller and Andy McElman
Game Notes
Saku Koivu is injured at 14:31 of 1st period (Left Hip)
Justin Williams is injured at 18:06 of 2nd period (Back Spasms)
Finance
Level 1 -- Attendance: 5209 (86,82%) -- Ticket Income 442 765 $
Level 2 -- Attendance: 4101 (82,02%) -- Ticket Income 205 050 $
Level 3 -- Attendance: 1639 (81,95%) -- Ticket Income 49 170 $
Level 4 -- Attendance: 3202 (80,05%) -- Ticket Income 64 040 $
Luxury Box -- Attendance: 833 (83,30%) -- Ticket Income 137 445 $
Game was played at the Wells Fargo Center
Total Attendance: 14984 (83,24%)
Total Ticket Income: 898 470 $
Other Income: 134 770 $
Total Income: 1 033 240 $
Devils
5 vs 5 Forward
Center Left Wing Right Wing Time % Phy DF OF
1 Saku Koivu Guillaume Latendresse Jonas Hoglund 40 0 2 3
2 Stephen Weiss Andrei Kostitsyn Teemu Selanne 30 0 2 3
3 Doug Weight Ramzi Abid Phil Kessel 20 0 2 3
4 Jason Williams Tomas Holmstrom Lee Stempniak 10 0 2 3
5 vs 5 Defense
Defense Defense Time % Phy DF OF
1 Mike Komisarek Ben Lovejoy 40 0 3 2
2 Marek Zidlicky Jeff Schultz 30 0 3 2
3 Johnny Oduya Brian Rafalski 20 0 3 2
4 Brian Rafalski Johnny Oduya 10 0 3 2
PowerPlay Forward
Center Left Wing Right Wing Time % Phy DF OF
1 Stephen Weiss Guillaume Latendresse Teemu Selanne 60 0 1 4
2 Saku Koivu Andrei Kostitsyn Phil Kessel 40 0 1 4
PowerPlay Defense
Defense Defense Time % Phy DF OF
1 Ben Lovejoy Brian Rafalski 60 1 2 2
2 Johnny Oduya Marek Zidlicky 40 1 2 2
Penalty Kill 4 Players Forward
Center Wing Time % Phy DF OF
1 Doug Weight Ramzi Abid 60 1 4 0
2 Saku Koivu Teemu Selanne 40 1 4 0
Penalty Kill 4 Players Defense
Defense Defense Time % Phy DF OF
1 Johnny Oduya Marek Zidlicky 60 1 4 0
2 Jeff Schultz Ben Lovejoy 40 1 4 0
Penalty Kill - 3 Players Forward
Forward Time % Phy DF OF
1 Doug Weight 60 1 4 0
2 Saku Koivu 40 1 4 0
Penalty Kill - 3 Players Defense
Defense Defense Time % Phy DF OF
1 Marek Zidlicky Johnny Oduya 60 1 4 0
2 Ben Lovejoy Jeff Schultz 40 1 4 0
4 vs 4 Forward
Center Wing Time % Phy DF OF
1 Doug Weight Ramzi Abid 60 1 2 2
2 Stephen Weiss Andrei Kostitsyn 40 1 2 2
4 vs 4 Defense
Defense Defense Time % Phy DF OF
1 Johnny Oduya Ben Lovejoy 60 1 2 2
2 Jeff Schultz Marek Zidlicky 40 1 2 2
Last Minutes Offensive
Center Left Wing Right Wing Defense Defense
Stephen Weiss Guillaume Latendresse Teemu Selanne Ben Lovejoy Marek Zidlicky
Last Minutes Defensive
Center Left Wing Right Wing Defense Defense
Stephen Weiss Guillaume Latendresse Teemu Selanne Marek Zidlicky Jeff Schultz
Goaltenders
Starting : Dan Ellis
Backup : Antti Niemi
Extra Forwards
Normal : Lee Stempniak, Andrei Kostitsyn, Ramzi Abid - PP : Lee Stempniak, Ramzi Abid - PK : Lee Stempniak
Extra Defensemen
Normal : Ben Lovejoy, Jeff Schultz, Brian Rafalski - PP : Ben Lovejoy - PK : Brian Rafalski, Johnny Oduya
Penalty Shots
Stephen Weiss, Guillaume Latendresse, Ramzi Abid, Teemu Selanne, Phil Kessel
Flyers
5 vs 5 Forward
Center Left Wing Right Wing Time % Phy DF OF
1 Sydney Crosby Alex Tanguay Martin St. Louis 40 1 2 2
2 Jeff O'Neill Ryane Clowe Michael Ryder 25 1 2 2
3 Olli Jokinen Scottie Upshall Justin Williams 25 1 2 2
4 Blair Betts Steve Regier David Vyborny 10 1 2 2
5 vs 5 Defense
Defense Defense Time % Phy DF OF
1 Chris Pronger Jonathan Ericsson 40 1 2 2
2 Mike Lundin Cory Sarich 30 1 2 2
3 Mark Giordano Scott Hannan 20 1 2 2
4 Chris Pronger Scott Hannan 10 1 2 2
PowerPlay Forward
Center Left Wing Right Wing Time % Phy DF OF
1 Sydney Crosby Alex Tanguay Martin St. Louis 60 0 1 4
2 Jeff O'Neill Ryane Clowe Michael Ryder 40 0 1 4
PowerPlay Defense
Defense Defense Time % Phy DF OF
1 Chris Pronger Jonathan Ericsson 60 0 1 4
2 Scott Hannan Mike Lundin 40 0 1 4
Penalty Kill 4 Players Forward
Center Wing Time % Phy DF OF
1 Sydney Crosby Alex Tanguay 60 0 4 1
2 Jeff O'Neill Michael Ryder 40 0 4 1
Penalty Kill 4 Players Defense
Defense Defense Time % Phy DF OF
1 Chris Pronger Jonathan Ericsson 60 0 4 1
2 Cory Sarich Mike Lundin 40 0 4 1
Penalty Kill - 3 Players Forward
Forward Time % Phy DF OF
1 Sydney Crosby 60 0 4 1
2 Jeff O'Neill 40 0 4 1
Penalty Kill - 3 Players Defense
Defense Defense Time % Phy DF OF
1 Chris Pronger Jonathan Ericsson 60 0 4 1
2 Cory Sarich Mike Lundin 40 0 4 1
4 vs 4 Forward
Center Wing Time % Phy DF OF
1 Sydney Crosby Martin St. Louis 60 1 2 2
2 Jeff O'Neill Alex Tanguay 40 1 2 2
4 vs 4 Defense
Defense Defense Time % Phy DF OF
1 Chris Pronger Jonathan Ericsson 60 1 2 2
2 Scott Hannan Mike Lundin 40 1 2 2
Last Minutes Offensive
Center Left Wing Right Wing Defense Defense
Sydney Crosby Alex Tanguay Martin St. Louis Chris Pronger Jonathan Ericsson
Last Minutes Defensive
Center Left Wing Right Wing Defense Defense
Sydney Crosby Alex Tanguay Martin St. Louis Chris Pronger Jonathan Ericsson
Goaltenders
Starting : Chris Mason
Backup : Mathieu Garon
Extra Forwards
Normal : Sydney Crosby, Jeff O'Neill, Martin St. Louis - PP : Sydney Crosby, Jeff O'Neill - PK : Sydney Crosby
Extra Defensemen
Normal : Chris Pronger, Jonathan Ericsson, Cory Sarich - PP : Chris Pronger - PK : Chris Pronger, Cory Sarich
Penalty Shots
Sydney Crosby, Jeff O'Neill, Martin St. Louis, Alex Tanguay, Chris Pronger
% Time on Ice - Devils
Lines # - Real PCT - Wanted PCT - Time Play
Normal Forward
1 - 38% - 40% - 16:55
2 - 27% - 30% - 11:46
3 - 22% - 20% - 9:50
4 - 13% - 10% - 5:37
Normal Defense
1 - 41% - 40% - 18:11
2 - 36% - 30% - 15:56
3 - 16% - 20% - 7:15
4 - 6% - 10% - 2:46
PP Forward
1 - 46% - 60% - 0:55
2 - 54% - 40% - 1:04
PP Defense
1 - 51% - 60% - 1:01
2 - 49% - 40% - 0:58
PK Forward
1 - 67% - 60% - 9:16
2 - 33% - 40% - 4:37
PK Defense
1 - 64% - 60% - 8:56
2 - 36% - 40% - 4:57
PK3 Forward
1 - 0% - 60%
2 - 0% - 40%
PK3 Defense
1 - 0% - 60%
2 - 0% - 40%
44 Forward
1 - 0% - 60%
2 - 0% - 40%
44 Defense
1 - 0% - 60%
2 - 0% - 40%
Last Minute Offensive - 0:00
Last Minute Defensive - 0:00
Total
Forward - 60:00
Defense - 60:00
|
% Time on Ice - Flyers
Lines # - Real PCT - Wanted PCT - Time Play
Normal Forward
1 - 32% - 40% - 14:08
2 - 23% - 25% - 10:15
3 - 27% - 25% - 11:59
4 - 18% - 10% - 7:46
Normal Defense
1 - 39% - 40% - 17:25
2 - 35% - 30% - 15:21
3 - 23% - 20% - 10:00
4 - 3% - 10% - 1:22
PP Forward
1 - 59% - 60% - 8:15
2 - 41% - 40% - 5:38
PP Defense
1 - 63% - 60% - 8:41
2 - 37% - 40% - 5:12
PK Forward
1 - 80% - 60% - 1:35
2 - 20% - 40% - 0:24
PK Defense
1 - 55% - 60% - 1:05
2 - 45% - 40% - 0:54
PK3 Forward
1 - 0% - 60%
2 - 0% - 40%
PK3 Defense
1 - 0% - 60%
2 - 0% - 40%
44 Forward
1 - 0% - 60%
2 - 0% - 40%
44 Defense
1 - 0% - 60%
2 - 0% - 40%
Last Minute Offensive - 0:00
Last Minute Defensive - 0:00
Total
Forward - 60:00
Defense - 60:00
|
Play by Play
1st period
0:01 of 1st period - Sydney Crosby wins face-off versus Saku Koivu in neutral zone.
0:04 of 1st period - Wrist shot by Saku Koivu.
0:04 of 1st period - Goal by Saku Koivu - Devils : 1 - Flyers : 0.
0:05 of 1st period - Jeff O'Neill wins face-off versus Stephen Weiss in neutral zone.
0:17 of 1st period - Snap shot by Michael Ryder.
0:17 of 1st period - Stopped by Dan Ellis with a rebound.
1:01 of 1st period - Snap shot by Jason Williams.
1:01 of 1st period - Shot Misses the Net.
1:03 of 1st period - Slapshot by Tomas Holmstrom.
1:03 of 1st period - Shot Misses the Net.
1:05 of 1st period - Snap shot by Tomas Holmstrom.
1:05 of 1st period - Stopped by Chris Mason without a rebound.
1:06 of 1st period - Blair Betts wins face-off versus Doug Weight in Flyers zone.
1:10 of 1st period - Icing by Chris Pronger.
1:11 of 1st period - Blair Betts wins face-off versus Doug Weight in Flyers zone.
1:16 of 1st period - Phil Kessel is hit by Chris Pronger and loses puck.
1:27 of 1st period - Slapshot by Blair Betts.
1:27 of 1st period - Shot Blocked by Ramzi Abid.
1:41 of 1st period - Backhand shot by Sydney Crosby.
1:41 of 1st period - Stopped by Dan Ellis with a rebound.
1:43 of 1st period - Slapshot by Jonathan Ericsson.
1:43 of 1st period - Shot Misses the Net.
1:45 of 1st period - Slapshot by Jonathan Ericsson.
1:45 of 1st period - Shot Misses the Net.
1:47 of 1st period - Slapshot by Chris Pronger.
1:47 of 1st period - Shot Misses the Net.
3:07 of 1st period - Off-side.
3:08 of 1st period - Sydney Crosby wins face-off versus Doug Weight in neutral zone.
3:59 of 1st period - Wrist shot by Stephen Weiss.
3:59 of 1st period - Stopped by Chris Mason with a rebound.
4:01 of 1st period - Slapshot by Mike Komisarek.
4:01 of 1st period - Shot Blocked by Cory Sarich.
4:31 of 1st period - Snap shot by Guillaume Latendresse.
4:31 of 1st period - Stopped by Chris Mason with a rebound.
6:03 of 1st period - Minor Penalty to Lee Stempniak for Cross-checking.
6:04 of 1st period - Sydney Crosby wins face-off versus Doug Weight in Devils zone.
6:14 of 1st period - Snap shot by Chris Pronger.
6:14 of 1st period - Stopped by Dan Ellis with a rebound.
6:16 of 1st period - Wrist shot by Sydney Crosby.
6:16 of 1st period - Shot Blocked by Doug Weight.
6:18 of 1st period - Slapshot by Jonathan Ericsson.
6:18 of 1st period - Stopped by Dan Ellis with a rebound.
6:20 of 1st period - Snap shot by Sydney Crosby.
6:20 of 1st period - Shot Misses the Net.
6:57 of 1st period - Icing by Martin St. Louis.
6:58 of 1st period - Doug Weight wins face-off versus Michael Ryder in Flyers zone.
8:03 of 1st period - Penalty to Lee Stempniak is over, Lee Stempniak is back on ice.
8:35 of 1st period - Snap shot by Jason Williams.
8:35 of 1st period - Shot Blocked by Mark Giordano.
8:49 of 1st period - Saku Koivu is hit by Scottie Upshall and loses puck.
9:11 of 1st period - Michael Ryder is hit by Andrei Kostitsyn and loses puck.
9:30 of 1st period - Jeff O'Neill is hit by Brian Rafalski.
9:50 of 1st period - Tomas Holmstrom is hit by Chris Pronger and loses puck.
10:11 of 1st period - Jonas Hoglund is hit by Alex Tanguay.
10:28 of 1st period - Chris Pronger is hit by Stephen Weiss and loses puck.
11:13 of 1st period - Guillaume Latendresse is hit by Sydney Crosby and loses puck.
11:28 of 1st period - Johnny Oduya is hit by Scott Hannan and loses puck.
11:35 of 1st period - Scott Hannan is hit by Andrei Kostitsyn and loses puck.
12:38 of 1st period - Wrist shot by Olli Jokinen.
12:38 of 1st period - Shot Blocked by Saku Koivu.
12:40 of 1st period - Snap shot by Olli Jokinen.
12:40 of 1st period - Shot Blocked by Ben Lovejoy.
12:42 of 1st period - Slapshot by Chris Pronger.
12:42 of 1st period - Shot Blocked by Jonas Hoglund.
12:54 of 1st period - Wrist shot by Stephen Weiss.
12:54 of 1st period - Deflect By Teemu Selanne.
12:54 of 1st period - Stopped by Chris Mason without a rebound.
12:55 of 1st period - Blair Betts wins face-off versus Stephen Weiss in Flyers zone.
13:04 of 1st period - Johnny Oduya is hit by Blair Betts and loses puck.
13:23 of 1st period - Icing by Doug Weight.
13:24 of 1st period - Doug Weight wins face-off versus Sydney Crosby in Devils zone.
13:31 of 1st period - Slapshot by Mike Komisarek.
13:31 of 1st period - Stopped by Chris Mason with a rebound.
13:37 of 1st period - Snap shot by Chris Pronger.
13:37 of 1st period - Stopped by Dan Ellis with a rebound.
13:45 of 1st period - Snap shot by Sydney Crosby.
13:45 of 1st period - Shot Blocked by Mike Komisarek.
13:47 of 1st period - Wrist shot by Alex Tanguay.
13:47 of 1st period - Shot Blocked by Ben Lovejoy.
13:49 of 1st period - Wrist shot by Alex Tanguay.
13:49 of 1st period - Shot Blocked by Ben Lovejoy.
13:51 of 1st period - Slapshot by Cory Sarich.
13:51 of 1st period - Stopped by Dan Ellis with a rebound.
13:53 of 1st period - Slapshot by Cory Sarich.
13:53 of 1st period - Shot Blocked by Mike Komisarek.
13:55 of 1st period - Slapshot by Mike Lundin.
13:55 of 1st period - Shot Blocked by Mike Komisarek.
14:05 of 1st period - Snap shot by Sydney Crosby.
14:05 of 1st period - Shot Misses the Net.
14:15 of 1st period - Snap shot by Doug Weight.
14:15 of 1st period - Shot Misses the Net.
14:29 of 1st period - Snap shot by Sydney Crosby.
14:29 of 1st period - Stopped by Dan Ellis without a rebound.
14:30 of 1st period - Saku Koivu wins face-off versus Jeff O'Neill in Devils zone.
14:30 of 1st period - Saku Koivu is hit by Michael Ryder.
14:31 of 1st period - Saku Koivu from Devils is injured at 14:31 of 1st period (Left Hip).
14:32 of 1st period - Sydney Crosby wins face-off versus Guillaume Latendresse in Devils zone.
14:33 of 1st period - Snap shot by Alex Tanguay.
14:33 of 1st period - Shot Misses the Net.
14:35 of 1st period - Slapshot by Jonathan Ericsson.
14:35 of 1st period - Stopped by Dan Ellis without a rebound.
14:36 of 1st period - Sydney Crosby wins face-off versus Lee Stempniak in Devils zone.
14:41 of 1st period - Snap shot by Sydney Crosby.
14:41 of 1st period - Stopped by Dan Ellis with a rebound.
15:08 of 1st period - Slapshot by Justin Williams.
15:08 of 1st period - Stopped by Dan Ellis with a rebound.
15:10 of 1st period - Snap shot by Jonathan Ericsson.
15:10 of 1st period - Shot Misses the Net.
15:48 of 1st period - Teemu Selanne is hit by Martin St. Louis and loses puck.
15:57 of 1st period - Mark Giordano is hit by Teemu Selanne and loses puck.
16:16 of 1st period - Snap shot by Sydney Crosby.
16:16 of 1st period - Stopped by Dan Ellis without a rebound.
16:17 of 1st period - Stephen Weiss wins face-off versus Jeff O'Neill in Devils zone.
16:32 of 1st period - Snap shot by Michael Ryder.
16:32 of 1st period - Stopped by Dan Ellis without a rebound.
16:33 of 1st period - Olli Jokinen wins face-off versus Doug Weight in Devils zone.
16:46 of 1st period - Olli Jokinen is hit by Ramzi Abid and loses puck.
16:59 of 1st period - Sydney Crosby is hit by Brian Rafalski and loses puck.
17:46 of 1st period - Johnny Oduya is hit by Chris Pronger and loses puck.
18:20 of 1st period - Slapshot by Martin St. Louis.
18:20 of 1st period - Stopped by Dan Ellis without a rebound.
18:21 of 1st period - Sydney Crosby wins face-off versus Lee Stempniak in Devils zone.
18:22 of 1st period - Slapshot by Martin St. Louis.
18:22 of 1st period - Stopped by Dan Ellis with a rebound.
18:32 of 1st period - Slapshot by Guillaume Latendresse.
18:32 of 1st period - Shot Misses the Net.
18:34 of 1st period - Backhand shot by Guillaume Latendresse.
18:34 of 1st period - Stopped by Chris Mason without a rebound.
18:35 of 1st period - Lee Stempniak wins face-off versus Sydney Crosby in Flyers zone.
19:32 of 1st period - Wrist shot by Doug Weight.
19:32 of 1st period - Stopped by Chris Mason with a rebound.
19:42 of 1st period - Jonas Hoglund is hit by Blair Betts and loses puck.
Goals for this period are 1 for Devils vs 0 for Flyers.
Shots for this period are 8 for Devils vs 14 for Flyers.
2nd period
0:01 of 2nd period - Lee Stempniak wins face-off versus Sydney Crosby in neutral zone.
0:04 of 2nd period - Snap shot by Ben Lovejoy.
0:04 of 2nd period - Stopped by Chris Mason with a rebound.
0:06 of 2nd period - Slapshot by Mike Komisarek.
0:06 of 2nd period - Shot Blocked by Jonathan Ericsson.
0:08 of 2nd period - Wrist shot by Guillaume Latendresse.
0:08 of 2nd period - Shot Misses the Net.
0:10 of 2nd period - Slapshot by Ben Lovejoy.
0:10 of 2nd period - Shot Misses the Net.
0:12 of 2nd period - Slapshot by Mike Komisarek.
0:12 of 2nd period - Shot Blocked by Jonathan Ericsson.
0:14 of 2nd period - Snap shot by Jonas Hoglund.
0:14 of 2nd period - Stopped by Chris Mason without a rebound.
0:15 of 2nd period - Jeff O'Neill wins face-off versus Stephen Weiss in Flyers zone.
0:49 of 2nd period - Snap shot by Guillaume Latendresse.
0:49 of 2nd period - Stopped by Chris Mason without a rebound.
0:50 of 2nd period - Stephen Weiss wins face-off versus Olli Jokinen in Flyers zone.
0:53 of 2nd period - Snap shot by Andrei Kostitsyn.
0:53 of 2nd period - Stopped by Chris Mason without a rebound.
0:54 of 2nd period - Olli Jokinen wins face-off versus Stephen Weiss in Flyers zone.
1:28 of 2nd period - Slapshot by Guillaume Latendresse.
1:28 of 2nd period - Shot Misses the Net.
1:30 of 2nd period - Slapshot by Guillaume Latendresse.
1:30 of 2nd period - Goal by Guillaume Latendresse - Devils : 2 - Flyers : 0.
1:31 of 2nd period - Sydney Crosby wins face-off versus Lee Stempniak in neutral zone.
1:36 of 2nd period - Backhand shot by Jonathan Ericsson.
1:36 of 2nd period - Deflect By Alex Tanguay.
1:36 of 2nd period - Shot Misses the Net.
1:36 of 2nd period - Puck is out of play.
1:37 of 2nd period - Lee Stempniak wins face-off versus Sydney Crosby in Devils zone.
1:48 of 2nd period - Wrist shot by Guillaume Latendresse.
1:48 of 2nd period - Stopped by Chris Mason without a rebound.
1:49 of 2nd period - Lee Stempniak wins face-off versus Sydney Crosby in Flyers zone.
1:52 of 2nd period - Backhand shot by Guillaume Latendresse.
1:52 of 2nd period - Shot Misses the Net.
1:54 of 2nd period - Slapshot by Marek Zidlicky.
1:54 of 2nd period - Shot Misses the Net.
2:12 of 2nd period - Minor Penalty to Guillaume Latendresse for Roughing.
2:13 of 2nd period - Sydney Crosby wins face-off versus Doug Weight in Devils zone.
2:24 of 2nd period - Snap shot by Sydney Crosby.
2:24 of 2nd period - Deflect By Alex Tanguay.
2:24 of 2nd period - Stopped by Dan Ellis with a rebound.
2:26 of 2nd period - Slapshot by Sydney Crosby.
2:26 of 2nd period - Deflect By Martin St. Louis.
2:26 of 2nd period - Shot Blocked by Ramzi Abid.
2:26 of 2nd period - Puck is out of play.
2:27 of 2nd period - Ramzi Abid wins face-off versus Sydney Crosby in Devils zone.
2:42 of 2nd period - Snap shot by Sydney Crosby.
2:42 of 2nd period - Deflect By Alex Tanguay.
2:42 of 2nd period - Stopped by Dan Ellis without a rebound.
2:43 of 2nd period - Sydney Crosby wins face-off versus Doug Weight in Devils zone.
2:44 of 2nd period - Wrist shot by Martin St. Louis.
2:44 of 2nd period - Shot Blocked by Marek Zidlicky.
4:12 of 2nd period - Penalty to Guillaume Latendresse is over, Guillaume Latendresse is back on ice.
4:18 of 2nd period - Guillaume Latendresse is hit by Olli Jokinen.
4:26 of 2nd period - Mike Komisarek is hit by Jonathan Ericsson and loses puck.
4:39 of 2nd period - Wrist shot by Steve Regier.
4:39 of 2nd period - Shot Misses the Net.
4:41 of 2nd period - Slapshot by Scott Hannan.
4:41 of 2nd period - Stopped by Dan Ellis with a rebound.
4:43 of 2nd period - Wrist shot by David Vyborny.
4:43 of 2nd period - Goal by David Vyborny - Devils : 2 - Flyers : 1.
4:44 of 2nd period - Sydney Crosby wins face-off versus Lee Stempniak in neutral zone.
6:18 of 2nd period - Wrist shot by Guillaume Latendresse.
6:18 of 2nd period - Stopped by Chris Mason without a rebound.
6:19 of 2nd period - Teemu Selanne wins face-off versus Sydney Crosby in Flyers zone.
7:39 of 2nd period - Snap shot by Sydney Crosby.
7:39 of 2nd period - Stopped by Dan Ellis with a rebound.
8:39 of 2nd period - Snap shot by Guillaume Latendresse.
8:39 of 2nd period - Shot Misses the Net.
8:41 of 2nd period - Slapshot by Mike Komisarek.
8:41 of 2nd period - Stopped by Chris Mason without a rebound.
8:42 of 2nd period - Ramzi Abid wins face-off versus Martin St. Louis in Flyers zone.
8:43 of 2nd period - Snap shot by Jonas Hoglund.
8:43 of 2nd period - Goal by Jonas Hoglund - Devils : 3 - Flyers : 1.
8:44 of 2nd period - Sydney Crosby wins face-off versus Lee Stempniak in neutral zone.
8:57 of 2nd period - Sydney Crosby is hit by Ben Lovejoy.
9:09 of 2nd period - Ryane Clowe is hit by Teemu Selanne and loses puck.
9:22 of 2nd period - Wrist shot by Teemu Selanne.
9:22 of 2nd period - Shot Blocked by Ryane Clowe.
9:32 of 2nd period - Snap shot by Michael Ryder.
9:32 of 2nd period - Stopped by Dan Ellis with a rebound.
10:03 of 2nd period - Slapshot by Sydney Crosby.
10:03 of 2nd period - Stopped by Dan Ellis without a rebound.
10:04 of 2nd period - Stephen Weiss wins face-off versus Jeff O'Neill in Devils zone.
10:56 of 2nd period - Slapshot by Olli Jokinen.
10:56 of 2nd period - Shot Misses the Net.
11:20 of 2nd period - Snap shot by Ramzi Abid.
11:20 of 2nd period - Deflect By Phil Kessel.
11:20 of 2nd period - Stopped by Chris Mason with a rebound.
11:22 of 2nd period - Backhand shot by Johnny Oduya.
11:22 of 2nd period - Deflect By Jeff O'Neill.
11:22 of 2nd period - Stopped by Chris Mason with a rebound.
11:24 of 2nd period - Slapshot by Phil Kessel.
11:24 of 2nd period - Stopped by Chris Mason without a rebound.
11:25 of 2nd period - Lee Stempniak wins face-off versus Sydney Crosby in Flyers zone.
11:34 of 2nd period - Slapshot by Guillaume Latendresse.
11:34 of 2nd period - Shot Blocked by Alex Tanguay.
11:40 of 2nd period - Wrist shot by Guillaume Latendresse.
11:40 of 2nd period - Shot Misses the Net.
11:50 of 2nd period - Wrist shot by Teemu Selanne.
11:50 of 2nd period - Stopped by Chris Mason with a rebound.
11:52 of 2nd period - Slapshot by Marek Zidlicky.
11:52 of 2nd period - Shot Blocked by Chris Pronger.
11:54 of 2nd period - Snap shot by Stephen Weiss.
11:54 of 2nd period - Stopped by Chris Mason with a rebound.
12:16 of 2nd period - Snap shot by Jason Williams.
12:16 of 2nd period - Shot Misses the Net.
12:18 of 2nd period - Snap shot by Jason Williams.
12:18 of 2nd period - Shot Misses the Net.
12:32 of 2nd period - Olli Jokinen is hit by Ben Lovejoy and loses puck.
12:40 of 2nd period - Off-side.
12:41 of 2nd period - Jeff O'Neill wins face-off versus Doug Weight in neutral zone.
12:48 of 2nd period - Phil Kessel is hit by Ryane Clowe and loses puck.
12:55 of 2nd period - Snap shot by Ryane Clowe.
12:55 of 2nd period - Shot Blocked by Phil Kessel.
12:57 of 2nd period - Slapshot by Mike Lundin.
12:57 of 2nd period - Stopped by Dan Ellis with a rebound.
13:03 of 2nd period - Minor Penalty to Marek Zidlicky for Hooking.
13:04 of 2nd period - Martin St. Louis wins face-off versus Doug Weight in Devils zone.
13:37 of 2nd period - Wrist shot by Michael Ryder.
13:37 of 2nd period - Deflect By Jeff O'Neill.
13:37 of 2nd period - Stopped by Dan Ellis with a rebound.
13:39 of 2nd period - Wrist shot by Jeff O'Neill.
13:39 of 2nd period - Stopped by Dan Ellis without a rebound.
13:40 of 2nd period - Sydney Crosby wins face-off versus Lee Stempniak in Devils zone.
13:51 of 2nd period - Snap shot by Sydney Crosby.
13:51 of 2nd period - Deflect By Alex Tanguay.
13:51 of 2nd period - Shot Misses the Net.
13:51 of 2nd period - Puck is out of play.
13:52 of 2nd period - Sydney Crosby wins face-off versus Doug Weight in Devils zone.
14:17 of 2nd period - Martin St. Louis is hit by Brian Rafalski and loses puck.
14:36 of 2nd period - Snap shot by Alex Tanguay.
14:36 of 2nd period - Deflect By Martin St. Louis.
14:36 of 2nd period - Shot Misses the Net.
14:36 of 2nd period - Puck is out of play.
14:37 of 2nd period - Jeff O'Neill wins face-off versus Lee Stempniak in Devils zone.
14:52 of 2nd period - Slapshot by Ryane Clowe.
14:52 of 2nd period - Shot Misses the Net.
15:03 of 2nd period - Penalty to Marek Zidlicky is over, Marek Zidlicky is back on ice.
15:16 of 2nd period - Snap shot by Scottie Upshall.
15:16 of 2nd period - Shot Blocked by Johnny Oduya.
15:18 of 2nd period - Wrist shot by Scottie Upshall.
15:18 of 2nd period - Deflect By Olli Jokinen.
15:18 of 2nd period - Shot Blocked by Brian Rafalski.
15:18 of 2nd period - Puck is out of play.
15:19 of 2nd period - Lee Stempniak wins face-off versus Sydney Crosby in Devils zone.
15:30 of 2nd period - Slapshot by Chris Pronger.
15:30 of 2nd period - Stopped by Dan Ellis with a rebound.
15:53 of 2nd period - Minor Penalty to Justin Williams for Tripping.
15:54 of 2nd period - Stephen Weiss wins face-off versus Sydney Crosby in Flyers zone.
16:04 of 2nd period - Wrist shot by Teemu Selanne.
16:04 of 2nd period - Stopped by Chris Mason with a rebound.
16:16 of 2nd period - Snap shot by Ramzi Abid.
16:16 of 2nd period - Shot Blocked by Alex Tanguay.
16:24 of 2nd period - Slapshot by Ramzi Abid.
16:24 of 2nd period - Shot Misses the Net.
17:53 of 2nd period - Penalty to Justin Williams is over, Justin Williams is back on ice.
18:05 of 2nd period - Justin Williams is hit by Ben Lovejoy and loses puck.
18:06 of 2nd period - Justin Williams from Flyers is injured at 18:06 of 2nd period (Back Spasms).
18:07 of 2nd period - Stephen Weiss wins face-off versus Alex Tanguay in Flyers zone.
18:08 of 2nd period - Slapshot by Teemu Selanne.
18:08 of 2nd period - Stopped by Chris Mason with a rebound.
18:10 of 2nd period - Snap shot by Ben Lovejoy.
18:10 of 2nd period - Deflect By Andrei Kostitsyn.
18:10 of 2nd period - Shot Misses the Net.
18:10 of 2nd period - Puck is out of play.
18:11 of 2nd period - Stephen Weiss wins face-off versus Sydney Crosby in Flyers zone.
18:14 of 2nd period - Snap shot by Andrei Kostitsyn.
18:14 of 2nd period - Stopped by Chris Mason with a rebound.
18:46 of 2nd period - Wrist shot by Jonas Hoglund.
18:46 of 2nd period - Goal by Jonas Hoglund - Devils : 4 - Flyers : 1.
18:47 of 2nd period - Sydney Crosby wins face-off versus Lee Stempniak in neutral zone.
18:54 of 2nd period - Wrist shot by Martin St. Louis.
18:54 of 2nd period - Deflect By Alex Tanguay.
18:54 of 2nd period - Stopped by Dan Ellis without a rebound.
18:55 of 2nd period - Sydney Crosby wins face-off versus Lee Stempniak in Devils zone.
19:05 of 2nd period - Minor Penalty to Guillaume Latendresse for Tripping.
19:06 of 2nd period - Doug Weight wins face-off versus Sydney Crosby in Devils zone.
19:18 of 2nd period - Wrist shot by Sydney Crosby.
19:18 of 2nd period - Stopped by Dan Ellis with a rebound.
19:20 of 2nd period - Slapshot by Martin St. Louis.
19:20 of 2nd period - Stopped by Dan Ellis without a rebound.
19:21 of 2nd period - Doug Weight wins face-off versus Sydney Crosby in Devils zone.
19:32 of 2nd period - Johnny Oduya is hit by Martin St. Louis and loses puck.
Goals for this period are 3 for Devils vs 1 for Flyers.
Shots for this period are 18 for Devils vs 14 for Flyers.
3rd period
0:01 of 3rd period - Sydney Crosby wins face-off versus Ramzi Abid in neutral zone.
0:06 of 3rd period - Slapshot by Chris Pronger.
0:06 of 3rd period - Stopped by Dan Ellis without a rebound.
0:07 of 3rd period - Doug Weight wins face-off versus Sydney Crosby in Devils zone.
0:20 of 3rd period - Marek Zidlicky is hit by Alex Tanguay and loses puck.
0:51 of 3rd period - Wrist shot by Lee Stempniak.
0:51 of 3rd period - Stopped by Chris Mason without a rebound.
0:52 of 3rd period - Doug Weight wins face-off versus Martin St. Louis in Flyers zone.
1:05 of 3rd period - Penalty to Guillaume Latendresse is over, Guillaume Latendresse is back on ice.
1:15 of 3rd period - Johnny Oduya is hit by Scottie Upshall and loses puck.
1:38 of 3rd period - Slapshot by Mike Lundin.
1:38 of 3rd period - Deflect By Michael Ryder.
1:38 of 3rd period - Stopped by Dan Ellis with a rebound.
2:05 of 3rd period - Wrist shot by David Vyborny.
2:05 of 3rd period - Stopped by Dan Ellis without a rebound.
2:06 of 3rd period - Lee Stempniak wins face-off versus Sydney Crosby in Devils zone.
2:13 of 3rd period - Snap shot by Lee Stempniak.
2:13 of 3rd period - Shot Blocked by Jonathan Ericsson.
2:15 of 3rd period - Slapshot by Mike Komisarek.
2:15 of 3rd period - Stopped by Chris Mason with a rebound.
2:17 of 3rd period - Slapshot by Jonas Hoglund.
2:17 of 3rd period - Shot Misses the Net.
2:19 of 3rd period - Slapshot by Mike Komisarek.
2:19 of 3rd period - Shot Misses the Net.
2:31 of 3rd period - Stephen Weiss is hit by Chris Pronger and loses puck.
2:54 of 3rd period - Ramzi Abid is hit by Blair Betts and loses puck.
3:21 of 3rd period - Marek Zidlicky is hit by Jonathan Ericsson and loses puck.
3:59 of 3rd period - Chris Pronger is hit by Tomas Holmstrom and loses puck.
4:14 of 3rd period - Slapshot by Guillaume Latendresse.
4:14 of 3rd period - Stopped by Chris Mason without a rebound.
4:15 of 3rd period - Andrei Kostitsyn wins face-off versus Blair Betts in Flyers zone.
4:26 of 3rd period - Snap shot by Andrei Kostitsyn.
4:26 of 3rd period - Stopped by Chris Mason with a rebound.
4:28 of 3rd period - Snap shot by Guillaume Latendresse.
4:28 of 3rd period - Shot Misses the Net.
5:43 of 3rd period - Wrist shot by Phil Kessel.
5:43 of 3rd period - Shot Misses the Net.
7:11 of 3rd period - Jonas Hoglund is hit by Jonathan Ericsson and loses puck.
7:42 of 3rd period - Slapshot by Steve Regier.
7:42 of 3rd period - Stopped by Dan Ellis with a rebound.
7:48 of 3rd period - Minor Penalty to Stephen Weiss for High sticking.
7:49 of 3rd period - Doug Weight wins face-off versus Sydney Crosby in Devils zone.
8:04 of 3rd period - Wrist shot by Martin St. Louis.
8:04 of 3rd period - Shot Blocked by Johnny Oduya.
8:16 of 3rd period - Johnny Oduya is hit by Jeff O'Neill and loses puck.
9:35 of 3rd period - Jason Williams is hit by Jonathan Ericsson and loses puck.
9:46 of 3rd period - Doug Weight is hit by Jonathan Ericsson.
9:48 of 3rd period - Penalty to Stephen Weiss is over, Stephen Weiss is back on ice.
10:22 of 3rd period - Cory Sarich is hit by Teemu Selanne and loses puck.
10:46 of 3rd period - Jeff Schultz is hit by Sydney Crosby and loses puck.
10:53 of 3rd period - Slapshot by Steve Regier.
10:53 of 3rd period - Stopped by Dan Ellis with a rebound.
10:55 of 3rd period - Minor Penalty to Marek Zidlicky for Hooking.
10:56 of 3rd period - Doug Weight wins face-off versus Sydney Crosby in Devils zone.
11:13 of 3rd period - Doug Weight is hit by Sydney Crosby and loses puck.
11:30 of 3rd period - Wrist shot by Jeff O'Neill.
11:30 of 3rd period - Shot Misses the Net.
11:32 of 3rd period - Snap shot by Michael Ryder.
11:32 of 3rd period - Shot Blocked by Brian Rafalski.
11:34 of 3rd period - Snap shot by Ryane Clowe.
11:34 of 3rd period - Deflect By Michael Ryder.
11:34 of 3rd period - Shot Misses the Net.
11:34 of 3rd period - Puck is out of play.
11:35 of 3rd period - Sydney Crosby wins face-off versus Ramzi Abid in Devils zone.
12:55 of 3rd period - Penalty to Marek Zidlicky is over, Marek Zidlicky is back on ice.
13:04 of 3rd period - Jeff Schultz is hit by Scottie Upshall and loses puck.
14:53 of 3rd period - Icing by Jeff O'Neill.
14:54 of 3rd period - Lee Stempniak wins face-off versus Jeff O'Neill in Flyers zone.
14:57 of 3rd period - Slapshot by Teemu Selanne.
14:57 of 3rd period - Shot Misses the Net.
14:59 of 3rd period - Backhand shot by Jeff Schultz.
14:59 of 3rd period - Shot Blocked by Ryane Clowe.
15:01 of 3rd period - Snap shot by Andrei Kostitsyn.
15:01 of 3rd period - Shot Misses the Net.
15:03 of 3rd period - Slapshot by Jeff Schultz.
15:03 of 3rd period - Deflect By Teemu Selanne.
15:03 of 3rd period - Shot Misses the Net.
15:03 of 3rd period - Puck is out of play.
15:04 of 3rd period - Stephen Weiss wins face-off versus Sydney Crosby in Flyers zone.
15:11 of 3rd period - Slapshot by Sydney Crosby.
15:11 of 3rd period - Shot Blocked by Teemu Selanne.
15:13 of 3rd period - Snap shot by Alex Tanguay.
15:13 of 3rd period - Shot Misses the Net.
16:38 of 3rd period - Snap shot by Michael Ryder.
16:38 of 3rd period - Stopped by Dan Ellis with a rebound.
16:40 of 3rd period - Snap shot by Ryane Clowe.
16:40 of 3rd period - Stopped by Dan Ellis with a rebound.
16:46 of 3rd period - Minor Penalty to Lee Stempniak for Hooking.
16:47 of 3rd period - Doug Weight wins face-off versus Sydney Crosby in Devils zone.
17:29 of 3rd period - Ben Lovejoy is hit by Mike Lundin and loses puck.
18:46 of 3rd period - Penalty to Lee Stempniak is over, Lee Stempniak is back on ice.
19:16 of 3rd period - Snap shot by Jonas Hoglund.
19:16 of 3rd period - Shot Misses the Net.
19:18 of 3rd period - Slapshot by Brian Rafalski.
19:18 of 3rd period - Stopped by Chris Mason with a rebound.
Goals for this period are 0 for Devils vs 0 for Flyers.
Shots for this period are 5 for Devils vs 7 for Flyers.
Output by the SimonT Hockey Simulator (STHS) for François Prévost -- Original Page W3C XHTML 1.0 Valid